 Dungeon Crawl Stone Soup version 0.29.1-1-gd02db6906a (webtiles) character file.

Game seed: 14395240119422345598

88 GigaChad the Trooper (level 4, -1/41 HPs)
             Began as a Minotaur Fighter on Oct 4, 2022.
             Slain by a jackal (2 damage)
             ... on level 3 of the Dungeon.
             The game lasted 00:02:36 (1425 turns).

GigaChad the Trooper (Minotaur Fighter)             Turns: 1425, Time: 00:02:37

Health: -1/41      AC:  7    Str: 23    XL:     4   Next: 30%
Magic:  3/3        EV:  9    Int:  5    God:
Gold:   109        SH:  4    Dex:  9    Spells: 3/3 levels left

rFire   . . .      SeeInvis .   a - +0 long sword
rCold   . . .      Faith    .   c - +0 buckler
rNeg    . . .      Spirit   .   b - +0 scale mail
rPois   .          Reflect  .   (helmet restricted)
rElec   .          Harm     .   (no cloak)
rCorr   .          Rampage  .   (no gloves)
Will    .....                   (no boots)
Stlth   ..........              (no amulet)
HPRegen 0.13/turn               (no ring)
MPRegen 0.08/turn               (no ring)

@: lethally poisoned (-1 -> -2)
A: horns 2, retaliatory headbutt
a: no special abilities


You were on level 3 of the Dungeon.
You visited 1 branch of the dungeon, and saw 3 of its levels.

You collected 109 gold pieces.

Inventory:

Hand Weapons
 a - a +0 long sword (weapon)
 j - a +2 vorpal quarterstaff
Armour
 b - a +0 scale mail (worn)
 c - a +0 buckler (worn)
Scrolls
 e - a scroll of summoning
 i - a scroll of immolation {unknown}
 m - a scroll of noise {unknown}
Potions
 d - a potion of might
 f - a potion of curing {unknown}
 h - a potion of lignification {unknown}


   Skills:
 + Level 4.5 Fighting
 + Level 3.8 Long Blades
 + Level 4.0 Armour
 + Level 0.1 Dodging
 + Level 4.3 Shields


You had 3 spell levels left.
You didn't know any spells.
Your spell library was empty.

Dungeon Overview and Level Annotations

Branches:
Dungeon (3/15)

Altars:


Innate Abilities, Weirdness & Mutations

You have a pair of horns on your head.
You reflexively headbutt those who attack you in melee.


Message History

The kobold hits you but does no damage.
You closely miss the kobold. Your headbutt misses the kobold.
You feel very sick. The adder closely misses you.
The orc hits you from afar with a +0 trident.
The kobold hits you but does no damage. The adder closely misses you.
You furiously retaliate!
You headbutt the adder! You barely miss the kobold. You headbutt the kobold.
You kill the kobold!
You hear the slow rusting of a very distant drain.
You feel sick.
The orc hits you from afar with a +0 trident.
The adder bites you but does no damage.
The jackal bites you but does no damage.
You hit something. Your headbutt misses something.
You feel sick. The adder bites you but does no damage.
The jackal bites you but does no damage.
The orc hits you but does no damage. Something hits you.
* * * LOW HITPOINT WARNING * * *
A jackal comes into view.
The adder bites you but does no damage. The jackal barely misses you.
You furiously retaliate!
You headbutt the jackal!
You kill the jackal!
Something hits you but does no damage. The orc hits you but does no damage.
You hit something.
You feel sick. You block the adder's attack. Something hits you.
* * * LOW HITPOINT WARNING * * *
The orc hits you from afar with a +0 trident.
* * * LOW HITPOINT WARNING * * *
You barely miss something. Your headbutt misses something.
* * * LOW HITPOINT WARNING * * *
You feel sick. The adder barely misses you. You furiously retaliate!
You headbutt the adder.
You kill the adder!
Something hits you but does no damage. The orc closely misses you.
You miss something. You headbutt something.
* * * LOW HITPOINT WARNING * * *
You feel sick. Something hits you but does no damage.
The orc hits you but does no damage. x2; The jackal bites you.
You die...

.... .... #..#
#..# # #..# !#
#. ###..##..###
#. #...).......
#.##.#{ho....#
#.#...@###.....
#..#..#o##.##.#
#....###....
##.#..#.....
##....# ####
###.#.#
##.†...#
#.....##
.#.###.....#


You could see 2 orcs and a jackal.

Vanquished Creatures
  2 adders
  2 worms (D:2)
  6 dart slugs
  2 orcs (D:3)
  3 ball pythons
  5 endoplasms
  A giant cockroach (D:1)
  2 goblins
  4 hobgoblins
  3 jackals
  6 kobolds
  2 quokkas (D:1)
  6 bats
  6 rats
50 creatures vanquished.

Notes
Turn   | Place    | Note
-------+----------+-------------------------------------------
     0 | D:1      | GigaChad the Minotaur Fighter began the quest for the Orb.
     0 | D:1      | Reached XP level 1. HP: 19/19 MP: 0/0
    97 | D:1      | Reached XP level 2. HP: 22/27 MP: 1/1
   800 | D:2      | Reached XP level 3. HP: 33/33 MP: 2/2
  1160 | D:2      | Found a faded altar of an unknown god.
  1186 | D:2      | Reached XP level 4. HP: 40/41 MP: 3/3
  1424 | D:3      | HP: 2/41 [poisoned by an adder]
  1425 | D:3      | Slain by a jackal

Illustrated notes

Levels and vault maps discovered:
D:1:      minmay_arrival_statue_studded, layout_basic
D:2:      layout_loops_ring, hellmonk_ecumenical_altar_lost_god
D:3:      layout_loops_ring, gup_sewer_entry_bubbles, uniq_sigmund

Skill      XL: |  1  2  3 |
---------------+----------+-----
Fighting       | 4 |  4.5
Shields        | 4 |  4.3
Long Blades    | 3 |  3.8
Armour         | 4 |  4.0
Dodging        | |  0.1

Action                   |  1- 3 |  4- 6 || total
-------------------------+-------+-------++-------
Melee: Long sword        |    76 |    19 ||    95
       Headbutt          |     9 |     3 ||    12
  Use: Scroll            |       |     4 ||     4
Armor: Scale mail        |    41 |    21 ||    62
Dodge: Dodged            |    47 |    12 ||    59
Block: Buckler           |    24 |     5 ||    29
